 Dungeon Crawl Stone Soup version 0.32-a0-599-gba8f9cf90e (webtiles) character file.

Game seed: 6197332189616350061

1 gimp the Trooper (level 1, 0/27 HPs)
             Began as an Armataur Berserker on Mar 3, 2024.
             Was a Follower of Trog.
             Succumbed to a kobold's poison
             ... on level 1 of the Dungeon.
             The game lasted 00:00:47 (41 turns).

gimp the Trooper (Armataur Berserker)                 Turns: 41, Time: 00:00:48

Health: 0/27       AC:  4    Str: 22    XL:     1   Next: 16%
Magic:  1/1        EV:  9    Int:  7    God:    Trog [*.....]
Gold:   0          SH:  0    Dex:  9    Spells: 0/0 levels left

rFire   . . .        a - +0 hand axe
rCold   . . .        (no shield)
rNeg    . . .        b - +0 animal skin
rPois   .            (no helmet)
rElec   .            (no cloak)
rCorr   .            (no gloves)
SInv    .            (no barding)
Will    .....        (no amulet) Stlth
                     (no ring)
HPRegen 0.24/turn    (no ring)
MPRegen 1.06/turn

%: roll
@: berserking, lethally poisoned (0 -> -17), very quick
A: large, deformed body, tough skin 3, armoured tail, roll 1
a: Renounce Religion, Berserk


You were on level 1 of the Dungeon.
You worshipped Trog.
Trog was aware of your devotion.
You visited 1 branch of the dungeon, and saw 1 of its levels.

Inventory:

Hand Weapons
 a - a +0 hand axe (weapon)
Armour
 b - a +0 animal skin (worn)
Potions
 c - a potion of lignification {unknown}
 d - a potion of mutation {unknown}


   Skills:
 + Level 2.7 Fighting
 * Level 2.4 Axes
 - Level 2.4 Armour
 - Level 1.3 Dodging


You couldn't memorise any spells.
You didn't know any spells.
Your spell library was empty.

Dungeon Overview and Level Annotations

Branches:
Dungeon (1/15)

Altars:

Annotations:
D:1 1 runed translucent door


Innate Abilities, Weirdness & Mutations

Armour fits poorly on your strangely shaped body.
You have extremely tough skin. (AC +3)
You have a long armoured tail.
You regenerate magic when rolling toward enemies. (Rampage MPRegen)


Message History

Welcome, gimp the Armataur Berserker.
If you return without finding the Orb of Zot, so far below, it's all over!
Trog says: Kill them all!
Press ? for a list of commands and other information.
Found a fuming ruby potion, a pair of boots and a glowing brown potion.
Found two stairs.
Unknown command.
Press: ? - help, v - describe, . - travel, g - get item Item here: a pair of boots.
The floor.
Unknown command.
Unknown command.
Unknown command.
Found a runed translucent door.
c - a fuming ruby potion The endoplasm quivers.
The jackal barks!
The endoplasm quivers.
You hear a bark!
The rat squeaks loudly.
The endoplasm quivers.
You hear a loud squeak.
You see here a +0 pair of boots.
Found 11 gold pieces.
d - a glowing brown potion The endoplasm quivers.
There is a fountain of clear blue water here.
You open the door.
The jackal stops to sniff the ground.
There is an open door here.
Found a stone staircase leading down.
A giant cockroach comes into view.
You roll towards the giant cockroach!
There is a stone staircase leading down here.
You roll towards the giant cockroach!
The giant cockroach barely misses you. The giant cockroach closely misses you.
You slash the giant cockroach!
You kill the giant cockroach!
Trog accepts your kill.
No target in view!
No target in view!
You see here a giant cockroach corpse.
A kobold comes into view. It is wielding a +1 dagger of venom.
The kobold shouts!
Found 10 gold pieces.
You roll towards the kobold!
The kobold hits you with a +1 dagger of venom.
You are poisoned.
You take 1 damage, and have 17/18 hp.
You closely miss the kobold.
You feel very sick. The kobold closely misses you.
You take 3 damage, and have 14/18 hp.
You miss the kobold.
You feel very sick.
The kobold hits you with a +1 dagger of venom.
You are lethally poisoned!
You take 4 damage, and have 10/18 hp.
MASSIVE DAMAGE!!
You hit the kobold.
Your tail-slap misses the kobold.
The kobold is moderately wounded.
You feel very sick. The kobold hits you but does no damage.
You take 2 damage, and have 8/18 hp.
You are too injured to fight recklessly!
A red film seems to cover your vision as you go berserk!
You feel yourself moving faster!
You feel mighty!
You feel sick.
The kobold hits you with a +1 dagger of venom.
* * * LOW HITPOINT WARNING * * *
You are more poisoned.
You now have 7/27 hp.
You completely miss the kobold.
The kobold is moderately wounded.
* * * LOW HITPOINT WARNING * * *
You feel very sick.
The kobold hits you with a +1 dagger of venom.
* * * LOW HITPOINT WARNING * * *
You are more poisoned.
You take 4 damage, and have 3/27 hp.
You closely miss the kobold.
The kobold is moderately wounded.
You die...

#.# #..# #.########..#
#...†..>....#
#.########.#########
#.## #........... #
#.#.## #.###'######
....###.# #.#..⌠...>..
.....#..#####.#......<..
#....
#..@......+⌠....###[
.###.
##.K.####.#......... #
#...... ..#######+##
##...####.#...BrJBJr
##.## #...J.hhr. .$.
#......r.B ...
########## ##.


You could see a kobold.

Vanquished Creatures
  A giant cockroach (D:1)
1 creature vanquished.

Notes
Turn   | Place    | Note
-------+----------+-------------------------------------------
     0 | D:1      | gimp the Armataur Berserker began the quest for the Orb.
     0 | D:1      | Reached XP level 1. HP: 18/18 MP: 1/1
     1 | D:1      | Found a runed translucent door.
    41 | D:1      | Succumbed to a kobold's poison

Illustrated notes

Levels and vault maps discovered:
D:1:      dpeg_arrival_caged_fury, layout_loops_ring, corexii_corridor_pit

Action                     || total
---------------------------++-------
  Melee: Hand axe          ||     6
 Invoke: Berserk           ||     1
 Armour: Animal skin       ||     5
  Dodge: Dodged            ||     3

Table legend: (Time is in decaauts)
 A = Elapsed time spent in this place.
 B = Non-inter-level travel time spent in this place.
 C = Inter-level travel time spent in this place.
 D = Time resting spent in this place.
 E = Time spent auto-exploring this place.
 F = Levels seen in this place.
 G = Mean time per level.
                   A        B        C        D        E       F      G
               +--------+--------+--------+--------+--------+-----+--------+
         Total |     41 |     41 |      0 |      0 |     15 |   1 |   41.0 |
       Dungeon |     41 |     41 |      0 |      0 |     15 |   1 |   41.0 |
               +--------+--------+--------+--------+--------+-----+--------+

Top non-repeatable levels by time:
     D:1: 41 daAuts
